 Dungeon Crawl Stone Soup version 0.21.1-1-g345015fe64 (webtiles) character file.

700 Evaline the Conjurer (level 7, -3/37 HPs)
             Began as a Tengu Fire Elementalist on June 23, 2018.
             Succumbed to an orc wizard's poison
             ... on level 4 of the Dungeon.
             The game lasted 00:27:07 (4660 turns).

Evaline the Conjurer (Tengu Fire Elementalist)      Turns: 4660, Time: 00:27:07

Health: -3/37      AC:  4    Str: 12    XL:     7   Next: 65%
Magic:  3/13       EV: 12    Int: 17    God:
Gold:   135        SH:  0    Dex: 14    Spells: 5/13 levels left

rFire    + . .     SeeInvis .   b - +2 hand axe (freeze)
rCold    . . .     Gourm    .   (no shield)
rNeg     . . .     Faith    .   p - +1 leather armour {MR+}
rPois    .         Spirit   .   (helmet restricted)
rElec    .         Reflect  .   (no cloak)
rCorr    .         Harm     .   (no gloves)
MR       +....                  (boots unavailable)
Stlth    ++........             (no amulet)
HPRegen  0.12/turn              o - ring of protection from fire
MPRegen  0.13/turn              u - +3 ring of strength

@: lethally poisoned (-3 -> -46)
A: beak, talons 3, able to fly 1
a: Fly


You were on level 4 of the Dungeon.
You were very hungry.

You visited 1 branch of the dungeon, and saw 5 of its levels.

You collected 135 gold pieces.

Inventory:

Hand Weapons
 a - a +0 dagger
 b - a +2 hand axe of freezing (weapon)
 n - a +0 falchion
 q - a +0 blowgun
 w - a +0 whip
 x - a +1 mace of holy wrath
Missiles
 d - 71 stones (quivered)
 j - 2 throwing nets
 t - 10 poisoned needles
Armour
 h - a +0 robe
 p - a +1 leather armour of magic resistance (worn)
Jewellery
 o - a ring of protection from fire (left hand)
 u - a +3 ring of strength (right hand)
 y - a +2 ring of strength
Scrolls
 e - 3 scrolls of teleportation {unknown}
 f - 2 scrolls of identify
 g - a scroll of blinking {unknown}
 l - 4 scrolls of remove curse
Potions
 i - 2 potions of degeneration {unknown}
 k - 2 potions of flight
 m - 3 potions of curing
 r - a potion of heal wounds {unknown}
 v - a potion of magic {unknown}
Books
 s - a book of Flames

   Spells                             Type                      Level
   a - Flame Tongue                   Conjuration/Fire             1
   b - Throw Flame                    Conjuration/Fire             2
   c - Conjure Flame                  Conjuration/Fire             3
   d - Inner Flame                    Hexes/Fire                   3
   e - Sticky Flame                   Conjuration/Fire             4
   f - Fireball                       Conjuration/Fire             5
Comestibles
 c - 10 rations


   Skills:
 + Level 0.5 Fighting
 - Level 0.1 Maces & Flails
 + Level 2.8 Dodging
 + Level 2.8 Stealth
 + Level 3.6 Spellcasting
 * Level 6.3 Conjurations
 * Level 6.1 Fire Magic


You had 5 spell levels left.
You knew the following spells:

 Your Spells              Type           Power        Failure   Level  Hunger
a - Fireball              Conj/Fire      ###.......   41%         5    ######.
x - Throw Flame           Conj/Fire      ###...       2%          2    ##.....
z - Flame Tongue          Conj/Fire      ###..        1%          1    None


Dungeon Overview and Level Annotations

Branches:
Dungeon (5/15)
 Temple: D:4-7

Altars:
Ashenzari
Gozag
Hepliaklqana
Okawaru
Qazlal
Ru
Trog
Wu Jian
Yredelemnul
The Shining One


Innate Abilities, Weirdness & Mutations

You have a beak for a mouth.
You have claws for feet.
You can fly.


Message History

You are more poisoned.
You feel sick. Something hits you but does no damage.
You are lethally poisoned!
Something hits you.
You are more poisoned.
You feel very sick.
You feel very sick. Something hits you but does no damage.
You feel sick.
* * * LOW HITPOINT WARNING * * *
You feel very sick. Something hits you.
* * * LOW HITPOINT WARNING * * *
You are more poisoned.
* * * LOW HITPOINT WARNING * * *
You feel very sick.
* * * LOW HITPOINT WARNING * * *
You feel sick. Something hits you but does no damage.
You are more poisoned.
You die...

######### #........
################........
#####.......................
######.....####.@................
..........#####.##....###........
................##....# #........
#####.###(#######.....###########
#.# #.# #)......# #.# #.##
#.......# #.# #..#####.......#
#.# ##..........>..#
#####.#########..[.....###


There were no monsters in sight!

Vanquished Creatures
  A phantom (D:4)
  An ogre (D:4)
  The ghost of gorpus the Digger, an amateur VSEE (D:3)
  A howler monkey (D:4)
  2 bullfrog skeletons
  A hound (D:3)
  2 orc priests
  2 iguanas (D:4)
  A centaur skeleton (D:4)
  Natasha (twice) (D:4)
  An orc wizard (D:4)
  3 adders
  An ooze (D:3)
  An adder skeleton (D:4)
  4 worms
  A dart slug (D:2)
  A leopard gecko (D:2)
  16 orcs
  3 giant cockroaches (D:1)
  2 gnoll zombies (D:4)
  2 goblins (D:1)
  5 hobgoblins
  4 kobolds
  2 quokkas
  3 bats
  7 frilled lizards
  A leopard gecko skeleton (D:4)
  A quokka skeleton (D:4)
  5 rats
77 creatures vanquished.

Notes
Turn   | Place    | Note
-------+----------+-------------------------------------------
     0 | D:1      | Evaline the Tengu Fire Elementalist began the quest for the Orb.
     0 | D:1      | Reached XP level 1. HP: 10/10 MP: 4/4
   399 | D:1      | Reached XP level 2. HP: 15/15 MP: 6/6
   406 | D:1      | Learned a level 2 spell: Throw Flame
  1213 | D:2      | Reached XP level 3. HP: 19/19 MP: 0/7
  1610 | D:2      | Found a hazy altar of Hepliaklqana.
  1985 | D:2      | You fall through a shaft!
  2090 | D:2      | Reached XP level 4. HP: 24/24 MP: 6/8
  2155 | D:2      | Found a shattered altar of Ashenzari.
  2401 | D:3      | Noticed gorpus's ghost (amateur VSEE)
  2411 | D:3      | Killed gorpus's ghost
  2411 | D:3      | Gained mutation: You can fly. [Tengu growth]
  2411 | D:3      | Reached XP level 5. HP: 9/28 MP: 0/9
  2792 | D:3      | Found a stormy altar of Qazlal.
  2885 | D:3      | Found an opulent altar of Gozag.
  2885 | D:3      | Found a bloodstained altar of Trog.
  3001 | D:4      | Noticed a phantom
  3029 | D:4      | Noticed an ogre
  3076 | D:3      | Reached skill level 5 in Fire Magic
  3086 | D:3      | Learned a level 5 spell: Fireball
  3131 | D:4      | Reached XP level 6. HP: 17/33 MP: 2/11
  4025 | D:4      | Reached skill level 5 in Conjurations
  4025 | D:4      | Reached XP level 7. HP: 33/37 MP: 4/13
  4341 | D:4      | Found an iron altar of Okawaru.
  4361 | D:4      | Noticed Natasha
  4370 | D:4      | Killed Natasha
  4396 | D:4      | Found a sacrificial altar of Ru.
  4396 | D:4      | Found a glowing golden altar of the Shining One.
  4396 | D:4      | Found an ornate altar of the Wu Jian Council.
  4425 | D:4      | Found a basalt altar of Yredelemnul.
  4443 | D:4      | Noticed Natasha
  4451 | D:4      | Killed Natasha
  4602 | D:5      | Entered Level 5 of the Dungeon
  4659 | D:4      | HP: 1/37 [poisoned by an orc wizard]
  4660 | D:4      | Succumbed to an orc wizard's poison

Skill      XL: |  1  2  3  4  5  6  7 |
---------------+----------------------+-----
Fire Magic     | 4 5 6 |  6.1
Conjurations   | 2 3 4 5 6 |  6.3
Spellcasting   | 3 |  3.6
Fighting       | |  0.5
Maces & Flails | |  0.1
Dodging        | |  2.8
Stealth        | |  2.8

Action                   |  1- 3 |  4- 6 |  7- 9 || total
-------------------------+-------+-------+-------++-------
Melee: Unarmed           |     6 |       |       ||     6
       Club              |    21 |    10 |       ||    31
       Kick              |     7 |     3 |     4 ||    14
       Peck              |     6 |     2 |     1 ||     9
       Mace              |       |       |     8 ||     8
       Hand axe          |       |       |     5 ||     5
Throw: Stone             |       |       |     1 ||     1
 Cast: Flame Tongue      |    42 |    78 |    36 ||   156
       Throw Flame       |     4 |    17 |    12 ||    33
 Abil: Fly               |       |     1 |       ||     1
  Use: Scroll            |       |     3 |       ||     3
 Stab: Sleeping          |     2 |     2 |     1 ||     5
  Eat: Chunk             |     4 |     8 |     1 ||    13
Armor: Robe              |     7 |     1 |       ||     8
       Leather armour    |       |     7 |     4 ||    11
Dodge: Dodged            |    35 |    17 |     9 ||    61
